 Dungeon Crawl Stone Soup version 0.19-a0-1834-g6b7851e (webtiles) character file.

172 Alarkh the Grave Robber (level 5, -2/35 HPs)
             Began as a Mummy Necromancer on Oct 9, 2016.
             Slain by graki42's ghost (6 damage)
             ... in a sewer.
             The game lasted 00:02:52 (1864 turns).

Alarkh the Grave Robber (Mummy Necromancer)         Turns: 1864, Time: 00:02:53

Health: -2/35      AC:  4    Str: 11    XL:     5   Next: 27%
Magic:  1/10       EV: 12    Int: 15    God:
Gold:   89         SH:  0    Dex: 13    Spells: 1 memorised, 10 levels left

rFire  x . .     SeeInvis .     c - +0 mace
rCold  + + .     Gourm    .     a - +0 robe
rNeg   + + +     Faith    .     (no shield)
rPois  ∞         Spirit   .     k - +0 helmet
rElec  .         Dismiss  .     (no cloak)
rCorr  .         Reflect  .     (no gloves)
MR     .....     Harm     .     h - +0 pair of boots
Stlth  ++........               (no amulet)
                                (no ring)
                                l - ring of protection from cold

@: no status effects
A: no food or potions, fire vulnerability, cold resistance 1, negative energy
resistance 3, torment resistance, unbreathing
a: no special abilities


You were in a sewer.
You were not hungry.

You visited 1 branch of the dungeon, and saw 3 of its levels.
You also visited: Sewer.

You collected 89 gold pieces.

Inventory:

Hand Weapons
 c - a +0 mace (weapon)
Armour
 a - a +0 robe (worn)
 h - a +0 pair of boots (worn)
 k - a +0 helmet (worn)
Jewellery
 l - a ring of protection from cold (left hand)
Scrolls
 d - 2 scrolls of enchant armour
 e - a scroll of identify
 f - a scroll of magic mapping
 g - a scroll of immolation {unknown}
 i - a scroll of noise {unknown}
 j - 4 scrolls of random uselessness
 m - a scroll of fog {unknown}
 n - a scroll of teleportation {unknown}
Books
 b - a book of Necromancy

   Spells                             Type                      Level
   a - Pain                           Necromancy                   1
   b - Animate Skeleton               Necromancy                   1
   c - Vampiric Draining              Necromancy                   3
   d - Regeneration                   Charms/Necromancy            3
   e - Animate Dead                   Necromancy                   4
   f - Control Undead                 Necromancy                   4


   Skills:
 - Level 1.5 Dodging
 - Level 1.5 Stealth
 + Level 3.8 Spellcasting
 + Level 5.4 Necromancy


You had 10 spell levels left.
You knew the following spells:

 Your Spells              Type           Power        Failure   Level  Hunger
a - Pain                  Necr           ###.         1%          1    N/A

Dungeon Overview and Level Annotations

Branches:
Dungeon (3/15)

Altars:
Gozag

Annotations:
Sewer graki42's ghost, amateur OpTm


Innate Abilities, Weirdness & Mutations

You do not eat or drink.
Your flesh is vulnerable to fire.
You are immune to poison.
Your flesh is cold resistant. (rC+)
You are immune to negative energy. (rN+++)
You are immune to unholy pain and torment.
You can survive without breathing.


Message History

Graki42's ghost barely misses you.
You hit graki42's ghost but do no damage.
Graki42's ghost is lightly damaged.
Graki42's ghost hits you.
* * * LOW HITPOINT WARNING * * *
Graki42's ghost barely misses you.
You hit graki42's ghost.
Graki42's ghost is lightly damaged.
Graki42's ghost says, "I break bones and crack skulls... with my bare hands."
Graki42's ghost hits you.
* * * LOW HITPOINT WARNING * * *
You thump graki42's ghost!
Graki42's ghost is moderately damaged.
Graki42's ghost barely misses you.
Graki42's ghost whispers, "The ORB doesn't exist."
Graki42's ghost closely misses you.
You hit graki42's ghost.
Graki42's ghost is heavily damaged.
Graki42's ghost hits you.
You die... ############################## ≈≈≈≈≈≈≈≈≈≈≈≈≈KKW@....(∩.∩÷.÷.# ##############################

You could see graki42's ghost and 2 kobolds.

Vanquished Creatures
  A big kobold (Sewer)
  Robin (D:2)
  2 river rats (Sewer)
  2 oozes (D:1)
  4 dart slugs (D:1)
  A leopard gecko (D:1)
  A ball python (D:2)
  2 bats
  13 goblins
  6 hobgoblins
  2 jackals (Sewer)
  4 kobolds
  A quokka (D:2)
  5 frilled lizards
  12 rats
57 creatures vanquished.

Notes
Turn   | Place    | Note
-------+----------+-------------------------------------------
     0 | D:1      | Alarkh the Mummy Necromancer began the quest for the Orb.
     0 | D:1      | Reached XP level 1. HP: 13/13 MP: 3/3
   189 | D:1      | Reached XP level 2. HP: 15/19 MP: 0/5
   664 | D:1      | Reached XP level 3. HP: 24/24 MP: 0/6
   969 | D:2      | Noticed Robin
   978 | D:2      | Killed Robin
  1099 | D:2      | Reached XP level 4. HP: 30/30 MP: 3/8
  1181 | D:2      | Found an opulent altar of Gozag.
  1511 | D:3      | Found a glowing drain.
  1531 | Sewer    | Entered a sewer
  1537 | Sewer    | Reached skill level 5 in Necromancy
  1818 | Sewer    | Noticed a big kobold
  1828 | Sewer    | Noticed graki42's ghost (amateur OpTm)
  1859 | Sewer    | Killed a big kobold
  1859 | Sewer    | Reached XP level 5. HP: 11/35 MP: 0/10
  1864 | Sewer    | Slain by graki42's ghost

Vault maps used:
D:1:      lightli_arrival_windingriver, hangedman_glass_teeth,
          minmay_pentomino_t2
D:2:      grunt_gozag_breadcrumbs, uniq_robin
D:3:      portal_sewer_entry_c, minmay_rats_cheesy_pizza
Sewer:    sewer_kobolds

Skill      XL: |  1  2  3  4 |
---------------+-------------+-----
Spellcasting   | 3 |  3.8
Necromancy     | 5 |  5.4
Dodging        | |  1.5
Stealth        | |  1.5

Action                   |  1- 3 |  4- 6 || total
-------------------------+-------+-------++-------
Melee: Mace              |    27 |    23 ||    50
 Cast: Pain              |    54 |    37 ||    91
  Use: Scroll            |     2 |     1 ||     3
 Stab: Sleeping          |     1 |     1 ||     2
Armor: Robe              |    11 |     7 ||    18
Dodge: Dodged            |    25 |    38 ||    63
